 Seeded DCSS version 0.29-a0-923-g6e406bff71 (webtiles) character file.

Game seed: 20220728 (custom seed)

44 purpskrrrp the Chopper (level 3, -4/23 HPs)
             Began as a Gargoyle Monk on July 28, 2022.
             Was an Initiate of Gozag.
             Slain by a gnoll
             ... wielding a +0 flail of protection
              (8 damage)
             ... on level 2 of the Dungeon.
             The game lasted 00:03:14 (2528 turns).

purpskrrrp the Chopper (Gargoyle Monk)              Turns: 2528, Time: 00:03:14

Health: -4/23      AC:  9    Str: 16    XL:     3   Next: 60%
Magic:  3/3        EV: 10    Int: 10    God:    Gozag
Gold:   142        SH:  0    Dex: 12    Spells: 2/2 levels left

rFire   + . .      SeeInvis .   a - +0 hand axe (chaos)
rCold   . . .      Faith    .   (no shield)
rNeg    + . .      Spirit   .   h - +0 scale mail {rF+}
rPois   ∞          Reflect  .   (no helmet)
rElec   +          Harm     .   (no cloak)
rCorr   .          Rampage  .   (no gloves)
Will    .....                   (no boots)
Stlth   +.........              (no amulet)
HPRegen 0.07/turn               (no ring)
MPRegen 0.08/turn               (no ring)

@: invisible
A: sickness immunity, AC +3, negative energy resistance 1, electricity
resistance, torment resistance 1, petrification resistance
a: Renounce Religion, Potion Petition, Call Merchant, Bribe Branch


You were on level 2 of the Dungeon.
You worshipped Gozag.
Gozag was aware of your devotion.
You visited 1 branch of the dungeon, and saw 2 of its levels.

You collected 142 gold pieces.

Inventory:

Hand Weapons
 a - a +0 hand axe of chaos (weapon)
Missiles
 g - 4 boomerangs (quivered)
 j - 4 poisoned darts
Armour
 b - a +0 robe
 h - a +0 scale mail of fire resistance (worn)
Wands
 f - a wand of digging (4)
Scrolls
 e - 2 scrolls of identify {unknown}
 k - a scroll of fog {unknown}
 l - a scroll of blinking {unknown}
 m - a scroll of amnesia {unknown}
Potions
 i - 3 potions of heal wounds {unknown}


   Skills:
 + Level 3.5 Fighting
 * Level 3.6 Axes
 + Level 0.2 Armour
 + Level 2.6 Dodging
 + Level 2.5 Stealth


You had 2 spell levels left.
You didn't know any spells.
Your spell library was empty.

Dungeon Overview and Level Annotations

Branches:
Dungeon (2/15)

Altars:
Gozag


Innate Abilities, Weirdness & Mutations

You are immune to sickness and miasma.
Your stone body is resilient. (AC +3)
You are immune to poison.
You resist negative energy. (rN+)
You are resistant to electric shocks. (rElec)
You are resistant to unholy torment.
You are immune to petrification.


Message History

You barely miss the gnoll. The gnoll hits you with a +0 club.
The gnoll barely misses you. x2
You hit the gnoll. You burn the gnoll.
The gnoll is severely wounded.
You hit the gnoll but do no damage.
The gnoll suddenly seems more agile.
The gnoll closely misses you.
The gnoll hits you from afar with a +0 spear.
The gnoll barely misses you.
You barely miss the gnoll.
The gnoll is severely wounded.
You closely miss the gnoll. The gnoll hits you but does no damage.
The gnoll closely misses you. The gnoll barely misses you.
You hit the gnoll. You freeze the gnoll.
You kill the gnoll!
You hit the gnoll but do no damage.
The gnoll flickers and vanishes!
Deactivating autopickup; reactivate with Ctrl-A.
The gnoll barely misses you. Something hits you!
* * * LOW HITPOINT WARNING * * *
The gnoll barely misses you.
Things that are here:
4 gold pieces; a +0 club You closely miss something.
Something hits you.
* * * LOW HITPOINT WARNING * * *
The gnoll hits you but does no damage.
You are confused.
You feel invigorated. Something hits you but does no damage.
The gnoll barely misses you. Something hits you.
You barely miss something. Something hits you.
You barely miss something.
You feel less invigorated.
You feel less confused. Something hits you. The gnoll misses you.
You barely miss something. Something completely misses you.
The gnoll hits you from afar with a +0 spear.
Something hits you but does no damage.
You closely miss something. The gnoll closely misses you. Something hits you!
* * * LOW HITPOINT WARNING * * *
You miss something. The gnoll closely misses you. Something hits you!
You die...
Your body crumbles into a pile of gold.

#.......#..........#
#.......#..........#
#.......#..........#
#.......#..........#
#.......#..........#
##'######..........#
#.# #....g$....# #.#
#..........# #.#
#..@.......#
#.###########.#####
#.............#
###############


You could see a gnoll (unable to see you).

Vanquished Creatures
  A gnoll (D:2)
  An adder (D:2)
  3 bats
  4 endoplasms
  2 giant cockroaches
  3 goblins
  3 hobgoblins
  A kobold (D:2)
  A quokka (D:1)
  2 ball pythons (D:1)
  2 rats
23 creatures vanquished.

Notes
Turn   | Place    | Note
-------+----------+-------------------------------------------
     0 | D:1      | purpskrrrp the Gargoyle Monk began the quest for the Orb.
     0 | D:1      | Reached XP level 1. HP: 14/14 MP: 1/1
   585 | D:1      | Reached XP level 2. HP: 19/19 MP: 2/2
   728 | D:1      | Found a faded altar of an unknown god.
   788 | D:1      | Prayed at the altar of an unknown god.
   788 | D:1      | Became a worshipper of Gozag Ym Sagoz the Greedy
   835 | D:1      | You fall into a shaft and drop 1 floor!
  1705 | D:1      | Reached XP level 3. HP: 23/23 MP: 3/3
  2528 | D:2      | Slain by a gnoll

Illustrated notes

Levels and vault maps discovered:
D:1:      dpeg_arrival_erosion, layout_basic, ebering_ecumenical_altar_abandoned
D:2:      layout_basic

Skill      XL: |  1 |
---------------+----+-----
Axes           | 3 |  3.6
Fighting       | |  3.5
Armour         | |  0.2
Dodging        | |  2.6
Stealth        | |  2.5

Action                   || total
-------------------------++-------
Melee: Hand axe          ||   101
       Punch             ||     1
  Use: Scroll            ||     2
       Potion            ||     2
 Stab: Sleeping          ||     3
       Invisible         ||     2
Armor: Robe              ||    24
       Scale mail        ||    14
Dodge: Dodged            ||    87

Table legend: (Time is in decaauts)
 A = Elapsed time spent in this place.
 B = Non-inter-level travel time spent in this place.
 C = Inter-level travel time spent in this place.
 D = Time resting spent in this place.
 E = Time spent auto-exploring this place.
 F = Levels seen in this place.
 G = Mean time per level.
                   A        B        C        D        E       F      G
               +--------+--------+--------+--------+--------+-----+--------+
         Total |   2541 |   2398 |    143 |      0 |   2108 |   2 | 1270.5 |
       Dungeon |   2541 |   2398 |    143 |      0 |   2108 |   2 | 1270.5 |
               +--------+--------+--------+--------+--------+-----+--------+

Top non-repeatable levels by time:
     D:1: 1539 daAuts
     D:2: 1002 daAuts
